 Dungeon Crawl Stone Soup version 0.23.2 (webtiles) character file.

Game seed: 10728340581261368920

18109 Fang the Fighter (level 12, 0/80 HPs)
             Began as a Gargoyle Berserker on Apr 4, 2019.
             Was a High Priest of Trog.
             Slain by a nine-headed hydra (8 damage)
             ... on level 2 of the Lair of Beasts.
             The game lasted 00:16:32 (14659 turns).

Fang the Fighter (Gargoyle Berserker)              Turns: 14659, Time: 00:16:33

Health: 0/80       AC: 23    Str: 24    XL:     12   Next: 55%
Magic:  4/4        EV: 10    Int: 10    God:    Trog [*****.]
Gold:   773        SH:  0    Dex:  9    Spells: 11/11 levels left

rFire    . . .     SeeInvis .   l - +9 battleaxe (antimagic)
rCold    . . .     Gourm    .   (shield currently unavailable)
rNeg     + . .     Faith    .   b - +0 plate armour
rPois    ∞         Spirit   .   (no helmet)
rElec    +         Reflect  .   (no cloak)
rCorr    +         Harm     .   (no gloves)
MR       .....                  (no boots)
Stlth    ..........             q - amulet of the acrobat
HPRegen  0.23/turn              o - ring of resist corrosion
MPRegen  0.09/turn              D - ring of stealth

@: no status effects
A: negative energy resistance 1, electricity resistance, unbreathing,
petrification resistance, rot immunity, AC +8
a: Berserk, Trog's Hand, Brothers in Arms, Renounce Religion


You were on level 2 of the Lair of Beasts.
You worshipped Trog.
Trog was extremely pleased with you.
You were hungry.

You visited 3 branches of the dungeon, and saw 13 of its levels.

You collected 773 gold pieces.

Inventory:

Hand Weapons
 a - a +3 war axe
 h - a +4 war axe of chopping
 l - a +9 antimagic battleaxe (weapon)
Armour
 b - a +0 plate armour (worn)
Jewellery
 o - a ring of resist corrosion (left hand)
 q - an amulet of the acrobat (around neck)
 D - a ring of stealth (right hand)
Wands
 g - a wand of digging (4)
 n - a wand of random effects (46)
 w - a wand of flame (18)
 x - a wand of paralysis (8)
 y - a wand of iceblast (17)
 E - a wand of polymorph (8)
Scrolls
 d - 6 scrolls of teleportation
 f - 5 scrolls of identify
 i - 2 scrolls of fear
 k - 9 scrolls of remove curse
 p - 2 scrolls of fog
Potions
 e - a potion of cancellation
 j - 2 potions of haste
 m - 2 potions of agility
 r - 2 potions of might
 s - 5 potions of curing
 t - 2 potions of berserk rage
 u - 3 potions of invisibility
 v - a potion of magic
 z - 2 potions of heal wounds
 A - 2 potions of ambrosia
 B - a potion of brilliance
Comestibles
 c - 22 rations


   Skills:
 + Level 11.5 Fighting
 + Level 9.8 Axes
 + Level 11.3 Armour
 + Level 8.8 Dodging


You had 11 spell levels left.
You didn't know any spells.
Your spell library was empty.

Dungeon Overview and Level Annotations

Branches:
Dungeon (10/15)            Temple (1/1) D:5            Lair (2/6) D:10
  Snake (0/4) Lair:2          Orc (0/2) D:10
  Swamp: Lair:2-4    Shoals: Lair:2-4

Altars:
Ru
Xom

Shops:
D:4 }   D:5 }


Innate Abilities, Weirdness & Mutations

You are resistant to torment.
Your stone body is resilient. (AC +8)
You are immune to poison.
You resist negative energy. (rN+)
You are resistant to electric shocks. (rElec)
You can survive without breathing.
You are immune to petrification.
You are immune to rotting.


Message History

The nine-headed hydra bites you.
* * * LOW HITPOINT WARNING * * *
The nine-headed hydra bites you.
* * * LOW HITPOINT WARNING * * *
The nine-headed hydra completely misses you.
The nine-headed hydra bites you but does no damage.
The nine-headed hydra bites you!
* * * LOW HITPOINT WARNING * * *
You are too injured to fight recklessly!
You are too injured to fight recklessly!
You are too injured to fight recklessly!
You are too injured to fight recklessly!
You are too injured to fight recklessly!
You are too injured to fight recklessly!
Your ogre goes berserk!
You are feeling hungry.
The wolf bites you but does no damage. x4
The nine-headed hydra bites you but does no damage.
The nine-headed hydra misses you. The nine-headed hydra bites you!
You die...

..........................
##..####...#....##.....P...
#...#.##.......###....####.
#............#####....P##.
#.........................
#...(.....................
#...P##..................#.
#.... ####....#P.........#.
##.. #@...# ..P.##... ##
#..hDh...# .##. #.#.
#........O...# . ###.
..##........... ..
#........... ..
............ ...
............. ...
###........... ... .##


You could see a nine-headed hydra, 2 wolves and a friendly ogre (berserk).

Vanquished Creatures
  Harold (D:9)
  A hydra (Lair:1)
  The ghost of cdecastro the Slasher, a novice GnWn (D:5)
  Pikel (D:4)
  An ugly thing (D:7)
  The ghost of Aero the Sneak, a novice OpTm of Qazlal (D:5)
  The ghost of buriedalive the Ruffian, a novice TrMo (D:5)
  A komodo dragon (Lair:1)
  4 spiny frogs
  2 trolls (D:9)
  A polar bear (Lair:1)
  Prince Ribbit (D:8)
  A hornet (D:10)
  2 hippogriffs
  Sigmund (D:2)
  A wyvern (D:8)
  Eustachio (D:5)
  20 yaks
  A basilisk (Lair:2)
  4 nagas (Lair:2)
  9 water moccasins
  10 porcupines
  2 sky beasts
  2 ice beasts
  3 slaves (D:4)
  4 black bears (D:10)
  4 orc warriors
  A centaur (D:9)
  5 ogres
  5 wolves
  5 crocodiles
  A big kobold (D:8)
  4 bullfrogs
  6 scorpions
  13 killer bees
  4 howler monkeys
  8 wights
  6 electric eels (D:5)
  3 bullfrog zombies
  6 crimson imps
  2 centaur zombies
  2 hounds
  3 jellies
  A centaur skeleton (D:9)
  An orc priest (D:4)
  Crazy Yiuf (D:2)
  12 orc wizards
  5 iguanas
  9 worker ants
  A killer bee zombie (D:6)
  2 hound skeletons
  A howler monkey zombie (D:5)
  14 adders
  2 shadow imps
  An ooze (D:2)
  2 adder skeletons (D:4)
  3 worms
  4 dart slugs
  9 leopard geckos
  35 orcs
  A ball python (D:4)
  9 bats
  3 giant cockroaches
  5 goblins
  9 hobgoblins
  7 jackals
  12 kobolds
  7 quokkas
  2 ball python skeletons
  3 frilled lizards
  10 rats
  A fungus (Lair:1)
  16 plants
343 creatures vanquished.

Vanquished Creatures (collateral kills)
  A hydra (Lair:1)
1 creature vanquished.

Vanquished Creatures (others)
  The ghost of prey the Skirmisher, an amateur MiBe of Trog (D:5)
  5 dream sheep (D:9)
  An orc wizard (D:7)
  A fungus (Lair:1)
  2 plants (D:5)
  2 withered plants (D:5)
12 creatures vanquished.

Grand Total: 356 creatures vanquished

Notes
Turn   | Place    | Note
-------+----------+-------------------------------------------
     0 | D:1      | Fang the Gargoyle Berserker began the quest for the Orb.
     0 | D:1      | Reached XP level 1. HP: 14/14 MP: 1/1
   133 | D:1      | Reached XP level 2. HP: 19/19 MP: 2/2
   531 | D:1      | Reached XP level 3. HP: 22/23 MP: 3/3
   867 | D:2      | Noticed Sigmund
   893 | D:2      | HP: 1/24 [Sigmund/magic dart (3)]
   932 | D:2      | Killed Sigmund
   932 | D:2      | Reached XP level 4. HP: 20/30 MP: 4/4
   932 | D:2      | Reached XP level 5. HP: 23/34 MP: 5/5
  1221 | D:2      | Found a runed translucent door.
  1222 | D:2      | Noticed Crazy Yiuf
  1426 | D:2      | Reached ** piety under Trog
  1884 | D:2      | Reached XP level 6. HP: 39/39 MP: 6/6
  2138 | D:2      | Killed Crazy Yiuf
  3806 | D:4      | Found Sueromeu's Gadget Shoppe.
  3908 | D:4      | Noticed a slave
  3909 | D:4      | Noticed Pikel
  3909 | D:4      | Noticed a slave
  3909 | D:4      | Noticed a slave
  3909 | D:4      | Noticed a slave
  3929 | D:4      | Killed a slave
  3937 | D:4      | Killed a slave
  3938 | D:4      | Killed Pikel
  3938 | D:4      | Reached skill level 5 in Fighting
  3938 | D:4      | Reached skill level 5 in Armour
  3938 | D:4      | Reached XP level 7. HP: 21/45 MP: 7/7
  4374 | D:4      | Reached XP level 8. HP: 51/51 MP: 8/8
  4421 | D:4      | Found a sacrificial altar of Ru.
  4889 | D:5      | Entered Level 5 of the Dungeon
  4904 | D:5      | Reached skill level 5 in Axes
  5323 | D:5      | Noticed Eustachio
  5324 | D:5      | Found a staircase to the Ecumenical Temple.
  5406 | Temple   | Entered the Ecumenical Temple
  5659 | D:5      | Killed Eustachio
  5796 | D:5      | Found Radwaw's Gadget Shoppe.
  6023 | D:5      | Reached *** piety under Trog
  6243 | D:5      | Reached XP level 9. HP: 26/56 MP: 9/9
  6593 | D:5      | Found a runed translucent gate.
  6594 | D:5      | Found a runed translucent gate.
  6594 | D:5      | Found a runed translucent gate.
  6595 | D:5      | Noticed buriedalive's ghost (novice TrMo)
  6595 | D:5      | Noticed cdecastro's ghost (novice GnWn)
  6595 | D:5      | Noticed prey's ghost (amateur MiBe)
  6596 | D:5      | Noticed Aero's ghost (novice OpTm)
  6930 | D:5      | Killed Aero's ghost
  6930 | D:5      | Reached skill level 5 in Dodging
  6934 | D:5      | Killed buriedalive's ghost
  6950 | D:5      | Killed prey's ghost
  7011 | D:5      | Killed cdecastro's ghost
  8062 | D:7      | Noticed a green ugly thing
  8186 | D:7      | Killed a green ugly thing
  8186 | D:7      | Reached XP level 10. HP: 44/65 MP: 10/10
  8898 | D:8      | Reached **** piety under Trog
  9497 | D:8      | Noticed Prince Ribbit
  9511 | D:8      | Killed Prince Ribbit
 10571 | D:9      | Noticed Harold
 10586 | D:9      | Killed Harold
 10586 | D:9      | Reached XP level 11. HP: 72/72 MP: 11/11
 10638 | D:9      | Reached ***** piety under Trog
 11002 | D:9      | Found a shimmering altar of Xom.
 11516 | D:9      | Reached skill level 10 in Fighting
 11564 | D:10     | Entered Level 10 of the Dungeon
 11714 | D:10     | Found a staircase to the Orcish Mines.
 12040 | D:10     | Reached skill level 10 in Armour
 12044 | D:10     | Found a staircase to the Lair.
 12167 | D:10     | Received a gift from Trog
 12540 | Lair:1   | Entered Level 1 of the Lair of Beasts
 12952 | Lair:1   | Reached XP level 12. HP: 45/79 MP: 4/12
 13363 | Lair:1   | Noticed a four-headed hydra
 13369 | Lair:1   | Killed a four-headed hydra
 13593 | Lair:1   | Noticed a six-headed hydra
 13602 | Lair:1   | Killed a ten-headed hydra
 14470 | Lair:2   | Found a staircase to the Snake Pit.
 14648 | Lair:2   | Noticed a four-headed hydra
 14659 | Lair:2   | Slain by a nine-headed hydra

Skill      XL: |  1  2  3  4  5  6  7  8  9 10 11 12 |
---------------+-------------------------------------+-----
Axes           | 3 4 5 7 8 9 |  9.8
Dodging        | 2 3 4 6 7 8 |  8.8
Fighting       | 4 5 6 8 9 10 11 | 11.5
Armour         | 3 5 6 8 9 10 11 | 11.3

Action                   |  1- 3 |  4- 6 |  7- 9 | 10-12 || total
-------------------------+-------+-------+-------+-------++-------
Melee: Hand axe          |   102 |   799 |   494 |    13 ||  1408
       War axe           |       |       |       |   340 ||   340
       Battleaxe         |       |       |       |   145 ||   145
Invok: Berserk           |     2 |     2 |     8 |     6 ||    18
       Trog's Hand       |       |       |     3 |     1 ||     4
       Brothers in Arms  |       |       |       |     2 ||     2
  Use: Potion            |     2 |       |       |     2 ||     4
       Scroll            |       |       |       |    25 ||    25
  Eat: Chunk             |       |    11 |    15 |    19 ||    45
       Ration            |       |     1 |     2 |     3 ||     6
Armor: Chain mail        |    66 |       |       |       ||    66
       Plate armour      |    21 |   259 |   538 |   583 ||  1401
Dodge: Dodged            |    47 |   144 |   291 |   458 ||   940
